AoeStats
← November_jp

Glade

510964393Analyzed
1v1 RM · 14h ago on Oct 3, 2026· 20m 24s· 2 players
Game mode
Random Map
Map size
Tiny (2 player)
Population
200
Speed
Normal
Resources
Standard
Victory
Conquest
Starting age
Dark Age
Ending age
Imperial Age
RankedLock teamsTeams togetherTeam positionsShared explorationLock speedFull tech treeHidden civsTurbo modeCheats
Victory
Defeat
🇩🇰 Huns · Denmark
556
+19
🇰🇷 Japanese · South Korea
629
-35
soren
14:53 Feudal Age
13:08 Loom
15:41 Horse Collar
15:25 Man-at-Arms
16:00 Gold Mining
15:59 Double-Bit Axe
16:30 Forging
16:22 Scale Mail Armor
19:49 Fletching
20:00 Padded Archer Armor
November_jp
10:51 Feudal Age
12:40 Double-Bit Axe
15:59 Wheelbarrow
14:55 Man-at-Arms
Connection lost

Rejoining the realm…

Still unreachable

The connection could not be restored.

Session expired

The server has moved on; the page needs a fresh start.